AoeStats
← smunk

African Clearing

510861704Analyzed
2v2 RM · 13h ago on Oct 2, 2026· 43m 44s· 4 players
Game mode
Random Map
Map size
Medium (4 player)
Population
200
Speed
Normal
Resources
Standard
Victory
Conquest
Starting age
Dark Age
Ending age
Imperial Age
RankedLock teamsTeams togetherTeam positionsShared explorationLock speedFull tech treeHidden civsTurbo modeCheats
Victory
Defeat
🇨🇦 Vietnamese · Canada
915
+14
🇨🇦 Persians · Canada
903
+15
🇧🇪 Franks · Belgium
878
-38
🇧🇪 Byzantines · Belgium
868
-38
Stijn Arns
16:42 Feudal Age
17:06 Horse Collar
17:15 Double-Bit Axe
16:53 Man-at-Arms
31:50 Castle Age
32:54 Stone Mining
32:42 Long Swordsman
43:13 Imperial Age
40:22 Pikeman
smunk
9:37 Loom
16:19 Feudal Age
18:33 Double-Bit Axe
19:29 Wheelbarrow
26:13 Gold Mining
30:14 Castle Age
30:22 Stone Mining
32:09 Gold Shaft Mining
34:59 Hand Cart
37:27 Husbandry
37:07 Pikeman
37:47 Squires
37:37 Town Watch
Glenn Beck
14:12 Feudal Age
14:30 Horse Collar
14:38 Double-Bit Axe
16:07 Gold Mining
19:04 Stone Mining
25:56 Castle Age
26:19 Wheelbarrow
28:23 Hand Cart
28:22 Scale Barding Armor
28:27 Forging
28:23 Heavy Plow
28:35 Bow Saw
33:52 Imperial Age
35:14 Elite War Elephant
37:00 Conscription
37:40 Crop Rotation
38:13 Two-Man Saw
40:25 Pikeman
41:32 Squires
41:19 Gambesons
42:35 Halberdier
Morino01
12:52 Loom
15:07 Feudal Age
15:34 Double-Bit Axe
16:07 Horse Collar
16:27 Gold Mining
19:07 Fletching
21:41 Padded Archer Armor
24:18 Castle Age
25:12 Bow Saw
24:26 Crossbowman
25:08 Bodkin Arrow
25:33 Squires
28:56 Heavy Plow
31:04 Ballistics
31:47 Leather Archer Armor
37:25 Imperial Age
35:55 Pikeman
39:13 Two-Man Saw
39:02 Crop Rotation
39:58 Wheelbarrow
39:13 Arbalester
40:41 Bracer
42:04 Hand Cart
41:35 Town Watch
43:03 Chemistry
41:49 Halberdier
Connection lost

Rejoining the realm…

Still unreachable

The connection could not be restored.

Session expired

The server has moved on; the page needs a fresh start.